Map: Ujari

Players

Gihal

  • Race: Zerg Zerg
  • League: Diamond
  • Spawn Location: 9:00

Udin

  • Race: Terran Terran
  • League: Gold
  • Spawn Location: 0:00

Watcher

  • Race: Protoss Protoss
  • League: Bronze
  • Spawn Location: 9:00

Yata - Winner!

  • Race: Protoss Protoss
  • League: Gold
  • Spawn Location: 3:00

Myhome - Winner!

  • Race: Protoss Protoss
  • League: Diamond
  • Spawn Location: 3:00

SHreddedWInd - Winner!

  • Race: Protoss Protoss
  • League: Diamond
  • Spawn Location: 0:00

VOD

Have the link to the VOD?

Description

Time

  • Played on: Sept. 4, 2017, 10:59 p.m.
  • Length: 21:55
Show
View Real Time Build Order
Export as new Build Order

Gihal Zerg 

Build Orders: Hatch First, Ravager All-In 

Get SALT Encoding   

  12  0:01  Drone  
  13  0:12  Overlord  
  13  0:19  Drone  
  14  0:33  Drone x2  
  16  0:54  Drone  
  17  1:00  Hatchery  
  16  1:12  Spawning Pool  
  16  1:14  Drone  
  16  1:15  Extractor  
  15  1:59  Zergling x6  
  18  2:02  Roach Warren, Queen  
  19  2:11  Spine Crawler  
  16  2:38  Zergling x2  
  16  2:40  Zergling x6  
  16  2:41  Zergling x4  
  21  3:05  Roach x3  
  27  3:30  Overlord x2  
  27  3:38  Ravager  
  27  3:39  Overlord x2  
  28  3:52  Ravager  
  28  3:53  Ravager  
  30  3:56  Drone  
  30  3:57  Drone x2  
  30  3:58  Extractor  
  32  4:30  Roach  
  32  4:31  Roach x3  
  40  4:57  Ravager x2  
  40  4:59  Drone x4  
  42  6:05  Roach x3  
  42  6:06  Roach x5  
  53  6:53  Lair  
  53  6:58  Spore Crawler  
  53  6:59  Drone x3  
  53  7:00  Drone x3, Queen  
  60  7:04  Spore Crawler  
  59  7:28  Overlord x2  
  56  8:10  Hydralisk Den  
  52  8:40  Muscular Augments  
  52  8:41  Drone x7  
  56  8:42  Drone x5  
  64  8:51  Hydralisk x4  
  72  9:20  Hydralisk  
  72  9:21  Hydralisk  
  76  9:53  Overlord, Extractor  
  76  9:54  Overlord  
  76  9:55  Extractor  
  74  10:05  Hydralisk  
  76  10:13  Spore Crawler  
  75  10:27  Drone x4  
  75  10:28  Drone x5, Evolution Chamber  
  81  10:29  Drone x2, Evolution Chamber  
  72  11:00  Hydralisk  
  72  11:01  Hydralisk x5  
  82  11:14  Hydralisk  
  82  11:15  Overlord  
  81  11:19  Zerg Missile Weapons Level 1  
  81  11:20  Zerg Ground Armor Level 1  
  81  11:38  Hydralisk  
  83  11:40  Overlord x2  
  83  11:50  Hatchery, Spore Crawler, Overseer  
  81  11:56  Hydralisk  
  83  12:11  Hydralisk x7  
  97  12:30  Extractor x2  
  97  12:33  Hydralisk x2  
  97  12:34  Overlord  
  97  12:35  Overlord  
  99  12:59  Hydralisk x6  
  99  13:00  Hydralisk x2  
  82  13:23  Hydralisk  
  82  13:24  Hydralisk x6  
  96  13:32  Zerg Missile Weapons Level 2  
  97  13:41  Drone x4  
  97  13:42  Drone  
  94  14:14  Spore Crawler  
  93  14:19  Spore Crawler  
  93  14:20  Drone x3  
  93  14:23  Queen  
  97  14:28  Zerg Ground Armor Level 2  
  97  14:34  Hydralisk x4  
  97  14:35  Hydralisk  
  97  14:37  Drone  
  108  15:09  Hydralisk x3  
  108  15:10  Overlord  
  108  15:11  Overlord  
  114  15:30  Hydralisk x4  
  114  15:31  Hydralisk x4  
  130  15:51  Spore Crawler  
  129  16:06  Overlord x3  
  63  16:33  Drone x3  
  63  16:34  Drone x5, Hydralisk x2  
  63  16:35  Hydralisk x3  
  81  16:40  Infestation Pit  
  80  17:07  Hydralisk  
  80  17:08  Hydralisk x7  
  96  17:30  Hatchery  
  96  17:34  Pathogen Glands  
  95  17:38  Hive  
  95  17:51  Extractor, Spore Crawler  
  95  17:52  Extractor, Spore Crawler  
  95  17:58  Spore Crawler  
  90  18:05  Burrow, Infestor x4  
  90  18:06  Infestor  
  96  18:22  Spore Crawler x2, Hydralisk x2  
  96  18:23  Hydralisk  
  100  18:32  Spore Crawler  
  99  19:03  Hydralisk  
  99  19:04  Hydralisk x7  
  115  19:19  Drone x3  
  118  19:25  Drone x3  
  121  19:40  Overlord x3  
  118  19:56  Neural Parasite  
  112  20:22  Drone x5  
  117  20:39  Drone  
  117  20:40  Drone x2  
  117  20:41  Drone x2  
  117  20:42  Drone  
  123  21:08  Infestor  
  123  21:09  Infestor x3  
Show
View Real Time Build Order
Export as new Build Order

Udin Terran 

Build Orders: MMM Bio 

Get SALT Encoding   

  12  0:01  SCV  
  13  0:13  SCV  
  14  0:21  Supply Depot  
  14  0:25  SCV  
  15  0:31  Refinery  
  15  0:44  Barracks  
  15  0:45  SCV  
  16  0:58  SCV  
  17  1:06  Barracks  
  17  1:10  SCV  
  18  1:32  Barracks Reactor  
  18  1:41  Refinery  
  18  1:53  Barracks Tech Lab  
  18  1:55  SCV  
  19  2:03  Supply Depot  
  19  2:08  Marine x2, SCV  
  22  2:14  Marine  
  23  2:25  Marine x2, SCV  
  26  2:33  Marine  
  27  2:42  Supply Depot  
  27  2:43  Marine x2  
  28  2:51  Marine  
  27  3:01  Marine  
  27  3:03  Marine  
  27  3:04  Factory  
  29  3:09  Combat Shields, Marine  
  30  3:32  Marine x2  
  32  3:40  Marine  
  33  3:45  Supply Depot  
  33  3:50  Marine  
  33  3:52  Factory Tech Lab  
  34  3:57  SCV  
  34  3:58  Marine x2, Bunker  
  37  4:09  SCV  
  38  4:12  Siege Tank  
  41  4:20  Supply Depot  
  41  4:34  Bunker  
  41  4:38  Marine x2  
  41  4:39  Marine  
  41  4:42  Starport  
  44  4:46  Stimpack  
  44  4:57  Siege Tank  
  47  5:18  Bunker  
  47  5:21  Marine x2  
  47  5:22  Marine  
  47  5:23  Starport Reactor  
  50  5:31  Engineering Bay  
  50  5:54  Siege Tank  
  53  6:00  Terran Infantry Armor Level 1  
  53  6:01  Medivac  
  55  6:12  Supply Depot  
  55  6:33  Medivac x2, Marine x3  
  62  6:41  Supply Depot  
  62  6:44  Engineering Bay  
  62  6:46  Orbital Command  
  62  7:29  Medivac  
  64  7:30  Marine x2  
  64  7:32  Command Center  
  60  8:14  Marine x3  
  61  8:31  Marine  
  61  8:32  Marine x2  
  44  8:49  Marine x3  
  44  8:51  Barracks  
  44  8:52  Viking x2  
  51  9:00  SCV  
  52  9:07  Marine x3  
  55  9:12  SCV  
  56  9:21  Terran Infantry Weapons Level 1  
  54  9:24  SCV  
  54  9:25  Marine x2  
  54  9:26  Starport  
  57  9:48  Viking x2  
  60  9:58  Barracks Reactor  
  54  10:04  Missile Turret  
  53  10:11  Missile Turret  
  51  10:16  Marine  
  52  10:24  Missile Turret  
  52  10:25  SCV  
  53  10:33  Missile Turret  
  51  10:45  Missile Turret  
  36  10:54  Missile Turret  
  34  11:01  Medivac x2  
  34  11:39  Marine x2  
  34  11:40  Marine  
  34  11:43  Marine x2  
  35  12:10  SCV  
  36  12:24  Marine  
  36  12:25  Marine x4  
  41  12:32  SCV  
  42  12:42  Marine x2  
  42  12:43  Marine  
  42  12:44  SCV  
  46  12:56  SCV  
  46  13:28  Marine x2  
  46  13:29  Marine x2  
  50  13:43  Command Center  
  50  13:46  Supply Depot  
  49  14:16  Marine x3  
  52  15:25  SCV  
  53  15:37  SCV  
  53  15:49  SCV  
  54  16:01  SCV  
  12  16:58  Marine x2  
  12  16:59  Marine x3  
  16  17:16  Marine x3  
  16  17:17  Medivac x2, Marine x2  
  25  17:34  Marine  
  26  17:46  Medivac  
  26  17:47  Marine, Missile Turret  
  26  17:48  Marine x3  
  32  17:52  Marine  
  33  18:01  Supply Depot  
  33  18:04  SCV  
  34  18:06  Armory, Marine x3  
  34  18:09  Missile Turret  
  37  18:16  SCV  
  38  18:22  Medivac  
  38  18:23  Marine x2  
  42  18:30  Missile Turret  
  40  18:51  Marine x5  
  44  19:09  Marine x4  
  48  19:21  Refinery  
  48  19:29  SCV  
  48  19:30  Marine  
  50  19:40  Marine x4  
  50  19:44  SCV  
  55  19:56  SCV  
  55  19:57  Marine x2  
  58  20:08  SCV  
  58  20:12  SCV  
  60  20:16  Marine x4  
  64  20:23  Marine  
  64  20:25  SCV  
  66  20:34  Marine x4  
  70  20:37  SCV  
  71  20:49  SCV  
Show
View Real Time Build Order
Export as new Build Order

Watcher Protoss 

Build Orders:  

Get SALT Encoding   

  12  0:01  Probe (Chrono Boost)  
  13  0:12  Probe (Chrono Boost)  
  14  0:20  Pylon  
  14  0:26  Assimilator  
  14  0:30  Probe (Chrono Boost)  
  16  0:45  Gateway  
  16  0:49  Assimilator  
  15  0:52  Probe (Chrono Boost)  
  16  1:01  Pylon  
  16  2:15  Nexus  
  16  3:36  Pylon  
  16  3:45  Pylon  
  16  3:49  Assimilator  
  16  3:59  Gateway  
  16  4:11  Gateway  
  16  4:19  Assimilator  
  16  4:21  Probe (Chrono Boost)  
  17  4:32  Probe (Chrono Boost)  
  18  4:42  Probe (Chrono Boost)  
  20  4:53  Probe (Chrono Boost)  
  20  4:54  Cybernetics Core  
  20  5:01  Zealot  
  20  5:03  Probe (Chrono Boost)  
  23  5:14  Probe (Chrono Boost)  
  24  5:43  Stalker x2  
  28  5:51  Twilight Council  
  28  5:54  Pylon  
  28  6:13  Stalker (Chrono Boost)  
  28  6:17  Stalker (Chrono Boost)  
  32  6:22  Warp Gate (Chrono Boost)  
  32  6:32  Gateway  
  32  6:34  Blink  
  32  6:37  Gateway  
  32  7:13  Stargate  
  32  7:15  Stargate  
  32  7:17  Pylon  
  32  7:30  Stalker x3  
  32  7:35  Stalker  
  40  7:56  Forge  
  40  8:12  Phoenix  
  42  8:13  Phoenix  
  44  8:35  Protoss Ground Weapons Level 1 (Chrono Boost)  
  44  8:37  Phoenix  
  46  8:49  Pylon  
  46  8:51  Pylon  
  46  8:54  Pylon  
  46  9:13  Fleet Beacon  
  32  9:39  Stalker x3  
  38  9:51  Photon Cannon  
  38  9:52  Photon Cannon  
  38  10:22  Nexus  
  28  10:45  Stalker x2  
  28  10:46  Stalker  
  34  11:18  Phoenix (Chrono Boost)  
  38  11:21  Phoenix (Chrono Boost)  
  32  11:42  Phoenix (Chrono Boost)  
  32  11:47  Phoenix (Chrono Boost)  
  34  12:15  Stalker  
  34  12:16  Stalker x3  
  42  12:30  Probe  
  43  12:40  Probe  
  44  12:51  Probe  
  29  13:01  Probe  
  26  13:09  Stalker x3  
  26  13:12  Probe  
  29  13:45  Photon Cannon  
  29  13:48  Photon Cannon  
  29  13:51  Photon Cannon  
  29  13:54  Photon Cannon  
  29  13:57  Photon Cannon  
  29  14:17  Pylon  
  29  14:18  Probe  
  30  14:28  Probe  
  31  14:39  Probe  
  32  14:49  Probe  
  32  14:50  Carrier (Chrono Boost)  
  39  15:00  Assimilator, Probe  
  39  15:06  Assimilator  
  40  15:10  Probe  
  41  15:17  Carrier (Chrono Boost)  
  47  15:21  Probe  
  41  16:05  Carrier (Chrono Boost)  
  47  16:28  Carrier (Chrono Boost)  
  53  16:40  Stalker  
  53  16:41  Stalker  
  57  17:12  Protoss Air Weapons Level 1 (Chrono Boost)  
  57  17:18  Carrier  
  63  17:25  Cybernetics Core  
  63  17:29  Stargate  
  63  17:34  Carrier  
  69  17:55  Probe  
  70  18:07  Probe  
  71  18:14  Photon Cannon  
  71  18:16  Photon Cannon  
  71  18:23  Protoss Air Armor Level 1 (Chrono Boost)  
  71  18:31  Mothership Core  
  71  19:22  Pylon  
  71  19:24  Pylon  
  71  19:27  Pylon  
  71  19:29  Graviton Catapult  
  71  19:31  Protoss Air Weapons Level 2 (Chrono Boost)  
  71  19:39  Carrier  
  71  19:41  Carrier  
  83  19:46  Carrier  
  89  20:38  Pylon  
  89  20:42  Pylon  
  89  20:45  Pylon  
Show
View Real Time Build Order
Export as new Build Order

Yata Protoss - Winner!

Build Orders:  

Get SALT Encoding   

  12  0:01  Probe (Chrono Boost)  
  13  0:15  Pylon  
  13  0:19  Probe (Chrono Boost)  
  14  0:49  Forge  
  14  0:55  Pylon  
  14  1:05  Pylon  
  14  1:24  Photon Cannon  
  14  1:25  Photon Cannon  
  14  1:59  Pylon  
  14  2:19  Photon Cannon  
  14  2:23  Photon Cannon  
  14  2:37  Probe (Chrono Boost)  
  15  2:47  Gateway  
  15  2:56  Pylon  
  15  3:11  Probe (Chrono Boost)  
  16  3:17  Photon Cannon  
  16  3:21  Probe (Chrono Boost)  
  16  3:24  Photon Cannon  
  17  3:32  Probe (Chrono Boost)  
  18  3:45  Cybernetics Core, Probe (Chrono Boost)  
  18  3:47  Pylon  
  19  3:48  Assimilator  
  19  3:51  Pylon  
  19  3:54  Assimilator  
  18  4:21  Probe (Chrono Boost)  
  19  4:32  Probe (Chrono Boost)  
  20  4:39  Warp Gate (Chrono Boost)  
  20  4:42  Probe (Chrono Boost)  
  21  4:53  Probe (Chrono Boost)  
  22  5:03  Probe (Chrono Boost)  
  23  5:10  Stargate  
  23  5:32  Stargate  
  22  6:05  Void Ray  
  26  6:27  Protoss Air Weapons Level 1 (Chrono Boost)  
  26  6:39  Void Ray  
  30  7:05  Void Ray  
  34  7:22  Void Ray  
  38  7:54  Void Ray  
  18  8:08  Probe  
  18  8:14  Nexus  
  18  8:20  Probe  
  19  8:32  Probe  
  20  8:44  Probe  
  21  8:56  Probe  
  22  9:04  Pylon  
  22  9:08  Probe  
  23  9:21  Probe  
  24  9:33  Probe  
  25  9:45  Probe  
  26  9:57  Probe  
  27  10:05  Void Ray (Chrono Boost)  
  31  10:09  Probe  
  32  10:21  Probe  
  33  10:50  Probe  
  33  10:55  Probe  
  35  11:01  Void Ray (Chrono Boost), Probe  
  40  11:07  Probe  
  41  11:11  Probe  
  42  11:19  Probe  
  42  11:22  Probe  
  44  11:31  Probe  
  45  11:33  Probe  
  46  11:43  Probe x2  
  46  11:47  Assimilator  
  48  11:54  Probe  
  48  11:55  Probe  
  48  11:57  Void Ray (Chrono Boost)  
  54  12:13  Assimilator  
  54  12:17  Assimilator  
  54  13:05  Pylon  
  54  13:07  Pylon  
  54  13:09  Protoss Air Armor Level 1  
  54  13:10  Pylon  
  54  13:22  Void Ray  
  54  13:23  Probe x2 (Chrono Boost)  
  60  13:30  Fleet Beacon  
  60  13:33  Probe x2 (Chrono Boost)  
  62  13:39  Void Ray  
  66  13:44  Mothership Core (Chrono Boost), Probe (Chrono Boost)  
  69  13:54  Probe (Chrono Boost)  
  71  14:02  Probe (Chrono Boost)  
  71  14:05  Probe (Chrono Boost)  
  72  14:13  Probe (Chrono Boost)  
  73  14:35  Pylon  
  73  14:40  Pylon  
  73  14:43  Pylon  
  73  14:52  Carrier x2  
  73  14:53  Assimilator, Nexus  
  73  14:59  Assimilator  
  85  15:03  Pylon  
  85  15:05  Pylon, Protoss Air Weapons Level 2  
  85  15:55  Probe (Chrono Boost)  
  85  15:56  Probe (Chrono Boost)  
  87  16:05  Probe (Chrono Boost)  
  87  16:06  Probe (Chrono Boost)  
  89  16:16  Probe (Chrono Boost)  
  89  16:17  Probe (Chrono Boost)  
  89  16:18  Carrier x2 (Chrono Boost)  
  103  16:26  Probe (Chrono Boost)  
  103  16:27  Probe (Chrono Boost)  
  103  16:32  Probe (Chrono Boost)  
  106  16:37  Probe (Chrono Boost)  
  106  16:38  Probe (Chrono Boost)  
  108  16:42  Probe (Chrono Boost)  
  109  16:47  Probe (Chrono Boost)  
  109  16:48  Probe (Chrono Boost)  
  109  16:53  Probe (Chrono Boost)  
  112  16:58  Probe (Chrono Boost)  
  112  16:59  Probe (Chrono Boost)  
  114  17:03  Probe (Chrono Boost)  
  114  17:05  Graviton Catapult  
  114  17:07  Probe (Chrono Boost)  
  116  17:09  Probe (Chrono Boost)  
  116  17:14  Probe  
  118  17:41  Carrier x2 (Chrono Boost)  
  130  17:49  Protoss Air Weapons Level 3  
  130  18:01  Pylon  
  130  18:04  Pylon  
  148  18:56  Carrier x2 (Chrono Boost)  
  148  19:45  Stargate x2  
  148  20:36  Pylon  
  148  20:37  Pylon  
  148  20:39  Pylon  
  148  20:41  Pylon  
Show
View Real Time Build Order
Export as new Build Order

Myhome Protoss - Winner!

Build Orders:  

Get SALT Encoding   

  12  0:01  Probe (Chrono Boost)  
  13  0:12  Probe (Chrono Boost)  
  14  0:21  Pylon  
  14  0:26  Probe (Chrono Boost)  
  15  0:39  Probe (Chrono Boost)  
  16  0:43  Forge  
  16  0:55  Pylon  
  17  1:04  Probe (Chrono Boost)  
  17  1:19  Photon Cannon  
  17  1:24  Photon Cannon  
  17  1:40  Pylon  
  17  2:01  Photon Cannon  
  17  2:04  Photon Cannon  
  17  2:17  Pylon  
  16  2:40  Photon Cannon  
  16  2:53  Probe (Chrono Boost)  
  16  2:57  Pylon  
  17  3:05  Gateway  
  17  3:10  Pylon  
  18  3:13  Probe (Chrono Boost)  
  18  3:15  Assimilator  
  18  3:19  Assimilator  
  18  3:34  Nexus, Probe (Chrono Boost)  
  19  3:36  Gateway  
  19  3:39  Pylon  
  19  3:40  Pylon  
  19  3:56  Probe (Chrono Boost)  
  20  4:04  Pylon  
  20  4:15  Nexus  
  20  4:21  Cybernetics Core  
  20  4:27  Zealot  
  22  4:37  Probe (Chrono Boost)  
  23  4:46  Probe (Chrono Boost)  
  23  4:49  Probe (Chrono Boost)  
  25  5:01  Zealot x2  
  25  5:04  Warp Gate (Chrono Boost)  
  25  5:06  Probe (Chrono Boost)  
  31  5:07  Probe (Chrono Boost)  
  31  5:23  Stargate, Probe (Chrono Boost)  
  31  5:24  Probe (Chrono Boost)  
  32  5:34  Assimilator  
  32  5:37  Probe (Chrono Boost)  
  32  5:38  Assimilator  
  32  5:40  Probe (Chrono Boost)  
  32  5:42  Probe (Chrono Boost)  
  35  5:47  Probe (Chrono Boost)  
  35  5:49  Probe (Chrono Boost)  
  36  5:51  Probe  
  36  5:56  Zealot  
  40  6:09  Stargate  
  40  6:14  Phoenix  
  40  6:15  Probe x2  
  40  6:16  Probe  
  45  6:30  Stargate  
  45  6:36  Probe  
  45  6:37  Probe  
  45  6:38  Probe  
  48  6:41  Phoenix  
  50  6:48  Pylon  
  50  6:52  Phoenix  
  52  6:58  Probe  
  52  6:59  Probe  
  52  7:00  Probe  
  54  7:08  Phoenix  
  57  7:17  Probe  
  57  7:18  Phoenix, Probe  
  57  7:19  Probe  
  62  7:28  Probe  
  62  7:29  Probe  
  62  7:30  Pylon  
  62  7:31  Probe  
  62  7:37  Phoenix  
  67  7:39  Probe  
  67  7:42  Phoenix  
  70  7:48  Phoenix  
  70  7:49  Probe x2  
  74  8:03  Phoenix  
  76  8:07  Phoenix  
  78  8:13  Phoenix  
  76  8:29  Phoenix  
  76  8:32  Phoenix  
  80  8:38  Phoenix  
  82  8:42  Probe x2  
  82  8:43  Probe  
  85  8:52  Probe  
  85  8:54  Phoenix  
  85  8:55  Probe  
  89  8:57  Phoenix  
  89  8:58  Assimilator  
  89  9:00  Pylon  
  89  9:02  Assimilator  
  91  9:05  Photon Cannon  
  91  9:07  Photon Cannon  
  91  9:08  Phoenix  
  93  9:10  Pylon, Photon Cannon  
  93  9:14  Pylon  
  93  9:19  Phoenix  
  93  9:36  Phoenix x2  
  97  9:43  Phoenix  
  97  10:01  Phoenix  
  97  10:04  Phoenix  
  101  10:08  Phoenix  
  101  10:26  Phoenix  
  99  10:48  Phoenix x2  
  97  10:51  Phoenix  
  93  11:13  Phoenix x2  
  93  11:16  Phoenix  
  99  11:38  Phoenix x2  
  97  11:41  Phoenix  
  97  11:44  Probe x2  
  97  11:46  Probe  
  102  11:58  Probe  
  103  12:03  Phoenix x2  
  103  12:06  Phoenix  
  109  12:27  Pylon  
  109  12:28  Pylon  
  109  12:29  Pylon  
  109  12:30  Photon Cannon  
  109  12:32  Pylon, Photon Cannon  
  109  12:34  Pylon, Fleet Beacon  
  109  12:36  Pylon  
  109  12:38  Pylon  
  109  12:40  Stargate  
  109  12:42  Pylon  
  109  12:43  Probe x2  
  109  12:44  Stargate  
  109  12:45  Pylon, Phoenix x3, Probe  
  109  12:47  Pylon  
  118  12:57  Probe  
  117  13:10  Phoenix x2  
  115  13:21  Phoenix  
  109  13:34  Phoenix  
  109  13:35  Phoenix  
  109  13:37  Tempest x2  
  125  13:46  Phoenix  
  127  13:59  Phoenix  
  113  14:23  Carrier x3  
  127  14:57  Carrier x2  
  139  15:08  Nexus  
  139  15:09  Protoss Air Weapons Level 1 (Chrono Boost)  
  139  15:12  Anion Pulse-Crystals  
  139  15:15  Nexus  
  135  15:21  Cybernetics Core  
  135  15:22  Assimilator  
  135  15:26  Assimilator  
  131  15:30  Assimilator  
  131  15:35  Assimilator  
  131  15:49  Carrier  
  137  16:00  Carrier  
  135  16:16  Graviton Catapult  
  131  16:32  Carrier  
  137  16:50  Carrier  
  143  17:14  Carrier  
  149  17:26  Carrier  
  155  17:58  Carrier  
  161  18:16  Carrier  
  167  18:26  Protoss Shields Level 1, Protoss Air Weapons Level 2 (Chrono Boost)  
  167  18:40  Carrier  
  173  18:51  Carrier  
  173  19:08  Probe x4  
  174  19:10  Probe  
  178  19:23  Carrier  
  184  19:41  Carrier  
  188  20:06  Carrier  
  190  20:17  Carrier  
  196  20:36  Pylon  
  196  20:39  Pylon  
  196  20:41  Pylon  
  196  20:44  Pylon  
  196  20:48  Pylon  
  196  20:52  Pylon  
Show
View Real Time Build Order
Export as new Build Order

SHreddedWInd Protoss - Winner!

Build Orders:  

Get SALT Encoding   

  12  0:01  Probe (Chrono Boost)  
  13  0:12  Probe (Chrono Boost)  
  14  0:18  Pylon  
  14  0:25  Probe (Chrono Boost)  
  15  0:47  Probe (Chrono Boost)  
  15  0:49  Pylon  
  16  0:58  Probe (Chrono Boost)  
  17  1:08  Gateway  
  17  1:10  Gateway  
  17  1:14  Gateway  
  17  1:16  Probe (Chrono Boost)  
  18  1:48  Forge  
  18  1:53  Pylon  
  18  1:56  Zealot (Chrono Boost)  
  18  2:01  Zealot (Chrono Boost)  
  24  2:05  Zealot (Chrono Boost)  
  24  2:20  Zealot (Chrono Boost)  
  26  2:26  Photon Cannon  
  26  2:28  Zealot (Chrono Boost)  
  30  2:32  Zealot (Chrono Boost)  
  28  2:44  Zealot (Chrono Boost)  
  28  2:50  Photon Cannon  
  26  2:57  Zealot (Chrono Boost)  
  28  3:00  Pylon, Probe  
  28  3:04  Assimilator  
  29  3:11  Zealot (Chrono Boost)  
  31  3:32  Zealot x2 (Chrono Boost)  
  35  3:35  Probe  
  35  3:38  Cybernetics Core  
  36  3:44  Assimilator  
  36  3:47  Probe  
  37  4:07  Zealot (Chrono Boost)  
  39  4:16  Warp Gate (Chrono Boost)  
  39  4:21  Gateway  
  39  4:29  Gateway  
  39  4:37  Probe  
  39  5:25  Pylon  
  39  5:29  Stargate  
  39  5:30  Stargate  
  31  5:36  Probe  
  31  5:41  Nexus  
  28  5:43  Pylon  
  28  5:54  Probe  
  29  6:06  Probe  
  30  6:12  Stalker x2  
  34  6:32  Void Ray (Chrono Boost)  
  42  6:33  Void Ray (Chrono Boost)  
  42  6:52  Probe  
  43  6:55  Probe  
  44  7:04  Probe  
  44  7:06  Probe  
  46  7:12  Void Ray (Chrono Boost)  
  54  7:27  Pylon  
  54  7:28  Void Ray (Chrono Boost)  
  54  7:42  Assimilator  
  54  7:43  Probe  
  54  7:49  Void Ray (Chrono Boost)  
  55  8:31  Stalker x2  
  59  8:54  Pylon, Probe  
  59  8:56  Pylon  
  59  9:01  Gateway  
  60  9:03  Gateway  
  60  9:04  Probe  
  60  9:08  Assimilator  
  61  9:15  Void Ray (Chrono Boost)  
  65  9:19  Protoss Air Weapons Level 1  
  65  9:20  Void Ray (Chrono Boost)  
  65  9:22  Protoss Ground Weapons Level 1 (Chrono Boost)  
  69  9:26  Probe  
  70  9:36  Probe  
  71  9:53  Void Ray (Chrono Boost)  
  71  9:57  Probe  
  76  10:09  Probe  
  76  10:11  Pylon  
  76  10:12  Pylon  
  77  10:20  Nexus  
  77  10:26  Pylon  
  77  10:29  Void Ray  
  77  10:55  Void Ray  
  81  11:00  Stalker x3  
  87  11:12  Void Ray  
  92  11:32  Probe  
  92  11:34  Probe  
  92  11:38  Void Ray  
  97  11:44  Probe x2  
  97  11:46  Probe  
  100  11:55  Void Ray, Probe  
  100  11:57  Probe  
  100  11:58  Probe  
  107  12:05  Probe  
  107  12:07  Zealot x4  
  116  12:09  Probe  
  117  12:32  Assimilator  
  117  12:35  Pylon  
  117  12:36  Pylon x2, Assimilator  
  117  12:38  Pylon  
  117  12:40  Pylon  
  117  12:52  Probe  
  117  12:53  Void Ray x2  
  126  13:03  Probe  
  115  13:30  Fleet Beacon  
  115  13:33  Stargate  
  115  13:35  Gateway, Void Ray x2  
  115  13:38  Gateway  
  115  13:39  Twilight Council  
  123  13:51  Twilight Council  
  123  13:58  Forge  
  123  13:59  Cybernetics Core  
  123  14:01  Probe  
  124  14:06  Protoss Ground Armor Level 1 (Chrono Boost)  
  124  14:11  Probe  
  125  14:18  Void Ray x2  
  125  14:22  Carrier, Probe  
  140  14:28  Zealot  
  140  14:29  Zealot x2  
  146  14:35  Probe  
  146  14:37  Nexus, Protoss Air Weapons Level 2  
  147  14:46  Probe  
  147  14:47  Charge (Chrono Boost)  
  147  14:50  Protoss Ground Weapons Level 2 (Chrono Boost)  
  148  14:53  Protoss Air Armor Level 1  
  148  14:56  Probe  
  149  15:13  Carrier  
  155  15:27  Zealot  
  157  15:31  Pylon  
  157  15:32  Pylon  
  157  15:42  Pylon  
  157  15:43  Pylon  
  157  15:48  Carrier  
  148  16:04  Protoss Ground Armor Level 2 (Chrono Boost)  
  148  16:08  Zealot x3  
  148  16:09  Zealot x3  
  142  16:28  Probe  
  143  16:38  Probe  
  138  16:56  Nexus  
  138  17:08  Pylon  
  138  17:14  Carrier  
  138  17:15  Carrier x2  
  150  17:19  Gateway, Protoss Air Weapons Level 3 (Chrono Boost)  
  156  17:24  Assimilator  
  156  17:27  Assimilator  
  156  17:40  Protoss Ground Weapons Level 3 (Chrono Boost)  
  156  17:48  Probe  
  157  17:59  Probe  
  158  18:07  Probe  
  159  18:18  Probe  
  159  18:19  Pylon  
  160  18:23  Gateway  
  160  18:24  Gateway  
  160  18:25  Gateway  
  160  18:38  Probe  
  160  18:41  Carrier  
  167  18:48  Probe  
  167  18:52  Zealot x4  
  176  19:08  Pylon  
  176  19:27  Protoss Air Armor Level 2 (Chrono Boost)  
  176  19:28  Protoss Ground Armor Level 3 (Chrono Boost)  
  176  19:50  Nexus  
  176  19:57  Protoss Shields Level 1 (Chrono Boost)  
  176  20:07  Zealot x4  
  176  20:08  Zealot x4  
  176  20:09  Zealot  
  194  20:25  Carrier  
  194  21:37  Zealot x2  
  194  21:38  Zealot x6  
Tags
 
Add a new tag
Caveats
  • Supply blocks, unpowered buildings, or Contaminate may cause inaccurate times.
  • Supply counts are checked every 10 seconds.